 Dungeon Crawl Stone Soup version 0.31-a0-221-gbddc013574 (webtiles) character file.

Game seed: 11656215421410645504

162630 qw the Marksminotaur (level 17, -9/164 (168) HPs)
             Began as a Minotaur Hexslinger on July 3, 2023.
             Was a High Priest of Okawaru.
             Mangled by Aizul (16 damage)
             ... on level 4 of the Spider Nest on July 4, 2023.
             The game lasted 00:14:23 (24967 turns).

qw the Marksminotaur (Minotaur Hexslinger)         Turns: 24967, Time: 00:14:23

HP:   -9/164 (168)  AC:  3    Str: 13    XL:     17   Next: 22%
MP:   0/32          EV: 39    Int: 10    God:    Okawaru [*****.]
Gold: 2675          SH:  0    Dex: 30    Spells: 17/18 levels left

rFire   . . .        p - +2 longbow (flame)
rCold   + + .        (shield currently unavailable)
rNeg    . . .        A - +1 robe of Vines {NoPotionHeal Regen++++}
rPois   .            a - +5 hat of Action {*Corrode Dex+3 Slay+2}
rElec   +            j - +2 cloak
rCorr   .            v - +2 pair of gloves
SInv    +            r - +2 pair of boots "Fughit" {Rampage +Blink rElec Will++}
Will    +++..        b - amulet of faith
Stlth   ++++         o - ring of Pyromania {rC++ MP+9 SInv}
HPRegen 3.67/turn    g - +6 ring of dexterity
MPRegen 0.23/turn

%: corrode self (3%), rampage, faith
@: lethally poisoned (-9 -> -9), about to teleport, heroic, finesse-ful,
corroded, lightly drained
A: horns 2, retaliatory headbutt
a: Renounce Religion, Evoke Blink, Heroism, Finesse, Duel


You were on level 4 of the Spider Nest.
You worshipped Okawaru.
Okawaru was extremely pleased with you.
You visited 5 branches of the dungeon, and saw 29 of its levels.

You collected 2915 gold pieces.
You spent 240 gold pieces at shops.


Innate Abilities, Weirdness & Mutations

You have a pair of horns on your head.
You reflexively headbutt those who attack you in melee.


   Skills:
 - Level 19.0(24.0) Fighting
 - Level 20.0(25.0) Ranged Weapons
 - Level 7.0(12.0) Armour
 + Level 18.6(23.6) Dodging
 - Level 1.0 Spellcasting
 - Level 2.0 Hexes
 - Level 10.0 Invocations


You had 17 spell levels left.
You knew the following spells:

 Your Spells              Type           Power      Damage    Failure   Level
a - Slow                  Hex            16%        N/A       16%         1

Your spell library contained the following spells:

 Spells                   Type           Power      Damage    Failure   Level
 Inner Flame              Hex/Fire       2%         N/A       56%         3
 Portal Projectile        Hex/Tloc       4%         N/A       56%         3
 Cause Fear               Hex            2%         N/A       83%         4

Inventory:

Hand Weapons
 p - a +2 longbow of flaming (weapon)
Armour
 a - the +5 hat of Action (worn) {*Corrode Dex+3 Slay+2}
   (You acquired it on level 1 of the Dungeon)

   Dex:       It affects your dexterity (+3).
   Slay:      It affects your accuracy & damage with ranged weapons and melee
   (+2).
   *Corrode:  It may corrode you when you take damage.
 j - a +2 cloak (worn)
 r - the +2 pair of boots "Fughit" (worn) {Rampage +Blink rElec Will++}
   (Okawaru gifted it to you on level 3 of the Spider Nest)

   rElec:     It insulates you from electricity.
   +Blink:    It lets you blink.
   Rampage:   It bestows one free step when moving towards enemies.
   Will:      It greatly increases your willpower.
 v - a +2 pair of gloves (worn)
 A - the +1 robe of Vines (worn) {NoPotionHeal Regen++++}
   (You took it off a wizard on level 15 of the Dungeon)

   NoPotionHeal: Its wearer cannot be healed by potions.
   Regen:     It increases your rate of health regeneration.
Jewellery
 b - an amulet of faith (around neck)
 e - a ring of poison resistance
 g - a +6 ring of dexterity (right hand)
 o - the ring of Pyromania (left hand) {rC++ MP+9 SInv}
   (You acquired it on level 3 of the Swamp)

   [ring of magical power]

   rC:        It greatly protects you from cold.
   MP:        It affects your magic capacity (+9).
   SInv:      It lets you see invisible.
 u - a +4 ring of protection
 Y - the ring "Yhoh" {rN+ SInv}
   (You found it on level 5 of the Lair of Beasts)

   [ring of positive energy]

   rN:        It protects you from negative energy.
   SInv:      It lets you see invisible.
Wands
 q - a wand of digging (1)
Scrolls
 c - 9 scrolls of teleportation
 h - 16 scrolls of identify
 t - 4 scrolls of enchant armour
Potions
 d - 3 potions of enlightenment
 f - 5 potions of haste
 i - 5 potions of might
 k - 4 potions of mutation
 l - 4 potions of curing
 m - a potion of magic
 n - a potion of heal wounds

Dungeon Overview and Level Annotations

Branches:
Dungeon (15/15)            Temple (0/1) D:4            Lair (5/5) D:11
  Swamp (3/4) Lair:3       Spider (4/4) Lair:3        Slime (0/5) Lair:5
    Orc (2/2) D:10            Elf (0/3) Orc:2        Vaults (0/5) D:14
 Depths (0/4) D:15

Altars:
Cheibriados
Elyvilon
Makhleb
Okawaru
Vehumet
Yredelemnul
Zin
Jiyva

Shops:
D:1 (   D:9 (   Orc:2 ([!:(

Portals:
Trove: D:13 (give 18 potions of curing)

Annotations:
D:11 3 runed translucent doors, agentgt's ghost, novice CeCK
Spider:1 2 transporters, qw's ghost, journeyman MiHs
Spider:4 Aizul


Message History

Your surroundings suddenly seem different.
Aizul and a wolf spider come into view.
You feel sick.
Aizul shouts!
The entropy weaver gestures at you while chanting.
The entropic weave corrodes you!
Enter note:
24963 ||| READING 10 scrolls of teleportation.
As you read the scroll of teleportation, it crumbles to dust.
You feel strangely unstable.
You feel extremely sick.
The entropy weaver gestures at you while chanting.
The entropic weave corrodes you! The ghost moth stares at you.
You feel your power leaking away.
You shoot an arrow. The wolf spider's many legs skitter.
The arrow hits Aizul!!
The arrow burns Aizul.
Aizul is lightly wounded.
You feel sick.
You shoot an arrow.
The arrow hits Aizul but does no damage.
Aizul is lightly wounded.
You feel sick.
The entropy weaver gestures at you while chanting.
The entropic weave corrodes you!
Aizul coils herself and waves her upper body at you.
The poison arrow misses you.
The poison arrow hits the redback!!!
The redback looks as sick as possible!
The redback dies!
The ghost moth stares at you.
You shoot an arrow. The arrow misses Aizul.
The arrow hits the wolf spider!!
The arrow burns the wolf spider.
The wolf spider is severely wounded.
You feel sick.
You hear a shout!
You shoot an arrow. The arrow closely misses Aizul.
The arrow closely misses the wolf spider.
You feel sick. Aizul hits you!
You die...

.....#s^#y.#.....
#..!....B)s^##..^...
#...#....#..<.......
#......sy.....^#....
#......y#.........$#
#......?^..^.#......
#^....#.#.$.^#......
#..^...........^..
#..@^#..#^...#.:
#.....sS.#.^#..^...#
#..........
#............
#.....#.......#
#^.............
#..........^.^.
#.......#...#^.


You could see Aizul, a sun moth, a ghost moth (invisible), an entropy weaver, a
wolf spider and a tarantella.

Vanquished Creatures
  Arachne (Spider:3)
  Jorgrun (Spider:3)
  Kirke (D:12)
  2 emperor scorpions
  2 ghost moths (Spider:1)
  A fire giant (D:15)
  A very ugly thing (D:15)
  2 stone giants (D:15)
  2 broodmothers (Spider:2)
  4 eleionomae
  A bunyip (Swamp:1)
  2 spark wasps (Spider:3)
  2 ettins
  Josephine (Orc:1)
  2 entropy weavers
  A yaktaur captain (D:15)
  16 hydras
  A ghost crab (Swamp:1)
  3 ogre magi (D:15)
  2 catoblepae (Lair:5)
  2 jorogumos (Spider:4)
  A rakshasa (D:15)
  A merfolk avatar (Lair:5)
  9 boulder beetles
  4 alligators
  A death knight (D:13)
  2 dancing weapons (D:14)
  A two-headed ogre (D:12)
  6 tengu warriors
  6 centaur warriors (D:15)
  A deep troll earth mage (D:15)
  3 demonic crawlers
  A vampire mage (D:11)
  4 orc high priests
  A deep elf knight (D:15)
  A shadow wraith (D:15)
  4 spriggans
  3 skysharks
  A sea snake (Lair:5)
  5 goliath frogs
  4 pharaoh ants
  5 skeletal warriors (D:14)
  3 swamp dragons
  A spriggan druid (Swamp:3)
  An orb spider (Spider:1)
  2 bog bodies
  2 wizards
  Pikel (D:7)
  A steelbarb worm (shapeshifter) (D:15)
  2 phantasmal warriors
  4 orc knights (Orc:2)
  5 orc sorcerers (Orc:2)
  5 steelbarb worms
  3 manticores
  8 wolf spiders
  4 ugly things
  A manticore (shapeshifter) (D:13)
  2 will-o-the-wisps
  7 cyclopes
  4 elephants
  4 moths of wrath
  A black mamba (shapeshifter) (D:15)
  2 centaur zombies (D:12)
  Joseph (D:7)
  A gargoyle (D:12)
  4 torpor snails
  5 black mambas
  9 cane toads
  10 komodo dragons
  2 efreet
  3 freezing wraiths
  2 tengu conjurers (D:14)
  2 guardian mummies (D:13)
  4 rime drakes
  3 trolls
  3 polar bears
  5 hornets
  14 tarantellas
  Grinder (D:3)
  4 snapping turtles (Lair:5)
  21 tyrant leeches
  3 meliai (Spider:4)
  8 dream sheep (Lair:5)
  33 blink frogs
  22 slime creatures
  2 shadows (D:12)
  12 culicivoras
  19 jumping spiders
  5 wyverns
  28 yaks
  6 basilisks
  8 wraiths
  A human (D:12)
  9 vampires
  3 hogs (D:12)
  12 vampire mosquitoes
  3 steam dragons
  39 redbacks
  A warg (Orc:2)
  19 swamp worms
  9 water moccasins
  3 acid dragons
  5 sky beasts
  21 orc warriors
  2 swamp drakes
  6 black bears
  2 ice beasts
  4 wolves (Lair:2)
  4 ogres (Orc:1)
  4 boggarts (D:14)
  3 centaurs
  11 bullfrogs
  7 kobold brigands
  3 gnoll sergeants
  4 scorpions
  5 wights
  16 killer bees
  A howler monkey (D:8)
  21 orc priests
  5 jellies
  4 hounds
  2 gnoll boudas
  27 orc wizards
  3 iguanas
  28 gnolls
  4 adders (D:2)
  2 white imps
  An ufetubus (D:6)
  A worm (D:4)
  A dart slug (D:3)
  53 orcs
  10 ball pythons
  7 bats
  7 endoplasms
  5 giant cockroaches
  6 hobgoblins
  5 jackals
  4 quokkas
  A frilled lizard (D:2)
  13 goblins
  22 kobolds
  5 rats
851 creatures vanquished.

Vanquished Creatures (others)
  A yak (D:10)
  A redback (Spider:4)
2 creatures vanquished.

Grand Total: 853 creatures vanquished

Notes
Turn   | Place    | Note
-------+----------+-------------------------------------------
     0 | D:1      | qw the Minotaur Hexslinger began the quest for the Orb.
     0 | D:1      | Reached XP level 1. HP: 16/16 MP: 1/1
     0 | D:1      | 0 ||| qw: Version: 0.3-a-40-ge99b1a8
     0 | D:1      | 0 ||| qw: Game counter: 629
     0 | D:1      | 0 ||| qw: Melee chars always use a shield: true
     0 | D:1      | 0 ||| qw: God list: Okawaru
     0 | D:1      | 0 ||| qw: Allow faded altars: false
     0 | D:1      | 0 ||| qw: Do Orc after clearing Dungeon:15 true
     0 | D:1      | 0 ||| qw: Do second Lair branch before Depths: true
     0 | D:1      | 0 ||| qw: Lair rune preference: random
     0 | D:1      | 0 ||| qw: Goals: Normal
     0 | D:1      | 0 ||| PLANNING D:1-11
   102 | D:1      | Found Teic's Antique Weapon Shoppe.
   145 | D:1      | Reached skill level 3 in Ranged Weapons
   145 | D:1      | Reached XP level 2. HP: 23/23 MP: 2/2
   397 | D:1      | Reached XP level 3. HP: 29/29 MP: 3/3
   508 | D:1      | Found a faded altar of an unknown god.
   602 | D:1      | 602 ||| DROPPING +0 hat of stealth.
   603 | D:1      | 603 ||| UPGRADING to +0 leather armour.
   613 | D:1      | 613 ||| DROPPING +0 robe.
   614 | D:1      | 614 ||| UPGRADING to ring of protection from cold.
   615 | D:1      | 615 ||| READING scroll labelled SURHAANWEGH.
   615 | D:1      | Identified a scroll of acquirement
   615 | D:1      | 615 ||| ACQUIRING +5 hat of Action {*Corrode Dex+3 Slay+2}
   615 | D:1      | Acquired the +5 hat of Action {*Corrode Dex+3 Slay+2}
   617 | D:1      | 617 ||| UPGRADING to +5 hat of Action {*Corrode Dex+3
                  | Slay+2}.
   622 | D:1      | 622 ||| READING 3 scrolls labelled AQASTR AWOAWIEN.
   623 | D:1      | 623 ||| READING scroll labelled YQYEMO CEGOIMNY.
   624 | D:1      | 624 ||| READING scroll labelled TEMIBR WATUDEA.
   625 | D:1      | 625 ||| DRINKING 2 sapphire potions.
   650 | D:1      | 650 ||| READING 2 scrolls of identify.
   650 | D:1      | 650 ||| IDENTIFYING smoky black potion
   651 | D:1      | 651 ||| DROPPING scroll of poison.
   652 | D:1      | 652 ||| DROPPING potion of lignification.
   692 | D:2      | Reached skill level 4 in Ranged Weapons
   706 | D:2      | 706 ||| SWAPPING to +1 heavy sling.
   707 | D:2      | 707 ||| DROPPING +1 sling.
   734 | D:2      | Reached XP level 4. HP: 28/36 MP: 4/4
   735 | D:2      | 735 ||| FLEEEEING.
   736 | D:2      | 736 ||| FLEEEEING.
   737 | D:2      | 737 ||| FLEEEEING.
   738 | D:2      | 738 ||| FLEEEEING.
   739 | D:2      | 739 ||| FLEEEEING.
   749 | D:2      | Reached skill level 5 in Ranged Weapons
  1057 | D:2      | Reached skill level 3 in Fighting
  1075 | D:2      | Reached XP level 5. HP: 45/45 MP: 5/5
  1246 | D:2      | 1246 ||| DRINKING 2 yellow potions.
  1247 | D:2      | 1247 ||| READING 3 scrolls of identify.
  1247 | D:2      | 1247 ||| IDENTIFYING fizzy green potion
  1248 | D:2      | 1248 ||| READING 2 scrolls of identify.
  1248 | D:2      | 1248 ||| IDENTIFYING inky potion
  1249 | D:2      | 1249 ||| DROPPING potion of degeneration.
  1403 | D:3      | Noticed Grinder
  1405 | D:3      | 1405 ||| FLEEEEING.
  1409 | D:3      | 1409 ||| FLEEEEING.
  1410 | D:3      | 1410 ||| FLEEEEING.
  1411 | D:3      | 1411 ||| FLEEEEING.
  1419 | D:3      | 1419 ||| FLEEEEING.
  1420 | D:3      | 1420 ||| FLEEEEING.
  1437 | D:3      | Killed Grinder
  1438 | D:3      | Reached skill level 7 in Ranged Weapons
  1438 | D:3      | Reached XP level 6. HP: 35/51 MP: 6/6
  1872 | D:3      | 1872 ||| UPGRADING to +0 ring mail.
  1882 | D:3      | 1882 ||| DROPPING +0 leather armour.
  1883 | D:3      | 1883 ||| READING scroll labelled PUATAAVACI.
  1884 | D:3      | 1884 ||| READING scroll labelled IWAIDGH WEMEFFA.
  1885 | D:3      | 1885 ||| READING scroll labelled NEHIAM RITS.
  1889 | D:3      | 1889 ||| READING 2 scrolls of identify.
  1889 | D:3      | 1889 ||| IDENTIFYING red potion
  1931 | D:4      | Reached skill level 1 in Armour
  1982 | D:4      | Found an iron altar of Okawaru.
  1983 | D:4      | 1983 ||| PLANNING OKAWARU WORSHIP
  1983 | D:4      | Found a snail-covered altar of Cheibriados.
  1983 | D:4      | Found a glowing silver altar of Zin.
  1984 | D:4      | Found a radiant altar of Vehumet.
  1993 | D:4      | Became a worshipper of Warmaster Okawaru
  1994 | D:4      | 1994 ||| PLANNING D:1-11
  2032 | D:4      | Found a staircase to the Ecumenical Temple.
  2465 | D:4      | 2465 ||| READING scroll labelled ZEUCVU UFUCA.
  2529 | D:5      | Entered Level 5 of the Dungeon
  2534 | D:5      | Reached XP level 7. HP: 59/59 MP: 7/7
  2692 | D:5      | Reached skill level 8 in Ranged Weapons
  2849 | D:5      | 2849 ||| Stepping ~*~*~tactically~*~*~ (outnumbered).
  2851 | D:5      | 2851 ||| Stepping ~*~*~tactically~*~*~ (outnumbered).
  2853 | D:5      | 2853 ||| Stepping ~*~*~tactically~*~*~ (outnumbered).
  2856 | D:5      | Reached * piety under Okawaru
  2857 | D:5      | 2857 ||| Stepping ~*~*~tactically~*~*~ (outnumbered).
  2865 | D:5      | 2865 ||| INVOKING Heroism.
  2866 | D:5      | 2866 ||| INVOKING Heroism.
  2867 | D:5      | 2867 ||| INVOKING Heroism.
  2872 | D:5      | Reached skill level 3 in Dodging
  2876 | D:5      | 2876 ||| INVOKING Heroism.
  2880 | D:5      | HP: 13/61 [gnoll/+0 club[a gnoll sergeant] (5)]
  2881 | D:5      | 2881 ||| READING scroll of teleportation.
  2882 | D:5      | 2882 ||| DRINKING potion of heal wounds.
  2885 | D:5      | Reached skill level 1 in Invocations
  3019 | D:5      | Reached XP level 8. HP: 69/69 MP: 8/8
  3032 | D:5      | 3032 ||| INVOKING Heroism.
  3196 | D:5      | 3196 ||| Stepping ~*~*~tactically~*~*~ (outnumbered).
  3226 | D:5      | 3226 ||| UPGRADING to +6 ring of dexterity.
  3227 | D:5      | 3227 ||| READING 2 scrolls of identify.
  3227 | D:5      | 3227 ||| IDENTIFYING sedimented orange potion
  3228 | D:5      | 3228 ||| DROPPING potion of brilliance.
  3370 | D:6      | 3370 ||| INVOKING Heroism.
  3441 | D:6      | Reached skill level 3 in Invocations
  3536 | D:6      | 3536 ||| INVOKING Heroism.
  3537 | D:6      | 3537 ||| INVOKING Heroism.
  3542 | D:6      | Reached skill level 9 in Ranged Weapons
  3653 | D:6      | 3653 ||| SWAPPING to +1 shortbow of freezing.
  3654 | D:6      | 3654 ||| DROPPING +1 heavy sling.
  3728 | D:6      | Reached skill level 6 in Fighting
  3902 | D:6      | 3902 ||| INVOKING Heroism.
  3939 | D:6      | 3939 ||| UPGRADING to +0 cloak.
  3944 | D:6      | 3944 ||| READING 2 scrolls of enchant armour.
  3944 | D:6      | 3944 ||| ENCHANTING +0 cloak.
  3945 | D:6      | 3945 ||| READING scroll of enchant armour.
  3945 | D:6      | 3945 ||| ENCHANTING +1 cloak.
  4020 | D:7      | Reached ** piety under Okawaru
  4099 | D:7      | Reached skill level 10 in Ranged Weapons
  4099 | D:7      | Reached XP level 9. HP: 69/75 MP: 11/11
  4122 | D:7      | Noticed Joseph
  4126 | D:7      | 4126 ||| FLEEEEING.
  4127 | D:7      | 4127 ||| FLEEEEING.
  4138 | D:7      | 4138 ||| FLEEEEING.
  4139 | D:7      | 4139 ||| FLEEEEING.
  4140 | D:7      | 4140 ||| FLEEEEING.
  4141 | D:7      | 4141 ||| FLEEEEING.
  4142 | D:7      | 4142 ||| FLEEEEING.
  4143 | D:7      | 4143 ||| FLEEEEING.
  4147 | D:7      | 4147 ||| FLEEEEING.
  4148 | D:7      | 4148 ||| FLEEEEING.
  4149 | D:7      | 4149 ||| FLEEEEING.
  4150 | D:7      | 4150 ||| FLEEEEING.
  4151 | D:7      | 4151 ||| FLEEEEING.
  4152 | D:7      | 4152 ||| FLEEEEING.
  4154 | D:7      | 4154 ||| FLEEEEING.
  4158 | D:7      | 4158 ||| FLEEEEING.
  4163 | D:7      | 4163 ||| FLEEEEING.
  4164 | D:7      | 4164 ||| FLEEEEING.
  4165 | D:7      | 4165 ||| FLEEEEING.
  4166 | D:7      | 4166 ||| FLEEEEING.
  4167 | D:7      | 4167 ||| FLEEEEING.
  4168 | D:7      | 4168 ||| FLEEEEING.
  4169 | D:7      | 4169 ||| FLEEEEING.
  4170 | D:7      | 4170 ||| FLEEEEING.
  4171 | D:7      | 4171 ||| FLEEEEING.
  4172 | D:7      | 4172 ||| FLEEEEING.
  4176 | D:7      | 4176 ||| FLEEEEING.
  4177 | D:7      | Killed Joseph
  4352 | D:7      | 4352 ||| INVOKING Heroism.
  4523 | D:7      | 4523 ||| INVOKING Heroism.
  4623 | D:7      | Noticed Pikel
  4624 | D:7      | 4624 ||| INVOKING Heroism.
  4631 | D:7      | Killed Pikel
  4632 | D:7      | Reached skill level 11 in Ranged Weapons
  4759 | D:7      | Reached skill level 3 in Armour
  4840 | D:7      | Reached skill level 6 in Dodging
  4849 | D:7      | Noticed a manticore
  4851 | D:7      | 4851 ||| DRINKING 2 fuming purple potions.
  4852 | D:7      | 4852 ||| READING 2 scrolls of identify.
  4852 | D:7      | 4852 ||| IDENTIFYING lumpy sapphire potion
  4881 | D:7      | 4881 ||| INVOKING Heroism.
  4886 | D:7      | Killed a manticore
  4887 | D:7      | Reached skill level 12 in Ranged Weapons
  5103 | D:8      | 5103 ||| INVOKING Heroism.
  5110 | D:8      | Reached XP level 10. HP: 70/86 MP: 9/12
  5173 | D:8      | 5173 ||| DRINKING 3 potions of curing.
  5173 | D:8      | 5173 ||| (to cure confusion)
  5221 | D:8      | 5221 ||| Stepping ~*~*~tactically~*~*~ (outnumbered).
  5369 | D:8      | 5369 ||| INVOKING Heroism.
  5376 | D:8      | 5376 ||| FLEEEEING.
  5377 | D:8      | 5377 ||| FLEEEEING.
  5378 | D:8      | 5378 ||| FLEEEEING.
  5379 | D:8      | 5379 ||| FLEEEEING.
  5380 | D:8      | 5380 ||| FLEEEEING.
  5381 | D:8      | 5381 ||| FLEEEEING.
  5386 | D:8      | 5386 ||| FLEEEEING.
  5387 | D:8      | 5387 ||| FLEEEEING.
  5388 | D:8      | 5388 ||| FLEEEEING.
  5391 | D:8      | 5391 ||| FLEEEEING.
  5392 | D:8      | 5392 ||| FLEEEEING.
  5393 | D:8      | 5393 ||| FLEEEEING.
  5396 | D:8      | 5396 ||| FLEEEEING.
  5397 | D:8      | 5397 ||| FLEEEEING.
  5398 | D:8      | 5398 ||| FLEEEEING.
  5399 | D:8      | 5399 ||| STAIRDANCE
  5549 | D:8      | 5549 ||| STAIRDANCE
  5551 | D:8      | 5551 ||| DRINKING 2 potions of curing.
  5551 | D:8      | 5551 ||| (to cure confusion)
  5618 | D:8      | 5618 ||| INVOKING Heroism.
  5868 | D:8      | 5868 ||| READING scroll labelled OCLICR UTONWAU.
  5869 | D:8      | 5869 ||| READING scroll labelled METELU KEKA.
  5963 | D:9      | Found a basalt altar of Yredelemnul.
  6024 | D:9      | Found a white marble altar of Elyvilon.
  6102 | D:9      | Reached *** piety under Okawaru
  6115 | D:9      | 6115 ||| Stepping ~*~*~tactically~*~*~ (outnumbered).
  6119 | D:9      | 6119 ||| Stepping ~*~*~tactically~*~*~ (outnumbered).
  6130 | D:9      | Reached skill level 13 in Ranged Weapons
  6131 | D:9      | 6131 ||| INVOKING Heroism.
  6168 | D:9      | 6168 ||| FLEEEEING.
  6201 | D:9      | 6201 ||| FLEEEEING.
  6202 | D:9      | 6202 ||| FLEEEEING.
  6203 | D:9      | 6203 ||| FLEEEEING.
  6204 | D:9      | 6204 ||| FLEEEEING.
  6258 | D:9      | 6258 ||| INVOKING Heroism.
  6263 | D:9      | 6263 ||| Stepping ~*~*~tactically~*~*~ (cloud).
  6266 | D:9      | 6266 ||| Stepping ~*~*~tactically~*~*~ (cloud).
  6268 | D:9      | Reached skill level 9 in Fighting
  6271 | D:9      | 6271 ||| Stepping ~*~*~tactically~*~*~ (cloud).
  6277 | D:9      | 6277 ||| FLEEEEING.
  6295 | D:9      | 6295 ||| INVOKING Heroism.
  6312 | D:9      | 6312 ||| FLEEEEING.
  6313 | D:9      | 6313 ||| STAIRDANCE
  6461 | D:8      | 6461 ||| READING scroll labelled WIMUANOIDITZ.
  6626 | D:9      | Found Yddessesh's Antique Weapon Shoppe.
  6647 | D:9      | 6647 ||| UPGRADING to +0 acid dragon scales.
  6657 | D:9      | 6657 ||| DROPPING +0 ring mail.
  6658 | D:9      | 6658 ||| READING 2 scrolls of enchant armour.
  6658 | D:9      | 6658 ||| ENCHANTING +0 acid dragon scales.
  6659 | D:9      | 6659 ||| DROPPING +0 steam dragon scales.
  6660 | D:9      | 6660 ||| READING scroll of enchant armour.
  6660 | D:9      | 6660 ||| ENCHANTING +1 acid dragon scales.
  6670 | D:10     | Entered Level 10 of the Dungeon
  6713 | D:10     | 6713 ||| INVOKING Heroism.
  6757 | D:10     | Identified the +0 robe of Maxa {rPois Str+3}
  6769 | D:10     | Identified the +5 short sword of Fee Simple {elec, rF-
                  | Will+ rCorr Str+2}
  6780 | D:10     | Found a flagged portal.
  6923 | D:10     | 6923 ||| INVOKING Heroism.
  6939 | D:10     | 6939 ||| FLEEEEING.
  6940 | D:10     | 6940 ||| FLEEEEING.
  6941 | D:10     | 6941 ||| FLEEEEING.
  6942 | D:10     | 6942 ||| FLEEEEING.
  6943 | D:10     | 6943 ||| FLEEEEING.
  6944 | D:10     | 6944 ||| FLEEEEING.
  6945 | D:10     | 6945 ||| FLEEEEING.
  6946 | D:10     | 6946 ||| FLEEEEING.
  6947 | D:10     | 6947 ||| FLEEEEING.
  6948 | D:10     | 6948 ||| FLEEEEING.
  6949 | D:10     | 6949 ||| FLEEEEING.
  6953 | D:10     | 6953 ||| FLEEEEING.
  6954 | D:10     | 6954 ||| FLEEEEING.
  6955 | D:10     | 6955 ||| FLEEEEING.
  6956 | D:10     | 6956 ||| FLEEEEING.
  6957 | D:10     | 6957 ||| FLEEEEING.
  6958 | D:10     | 6958 ||| FLEEEEING.
  6959 | D:10     | 6959 ||| FLEEEEING.
  6960 | D:10     | 6960 ||| FLEEEEING.
  6961 | D:10     | 6961 ||| FLEEEEING.
  6962 | D:10     | 6962 ||| FLEEEEING.
  6963 | D:10     | 6963 ||| FLEEEEING.
  6964 | D:10     | 6964 ||| FLEEEEING.
  6965 | D:10     | 6965 ||| FLEEEEING.
  6966 | D:10     | 6966 ||| FLEEEEING.
  6967 | D:10     | 6967 ||| FLEEEEING.
  6968 | D:10     | 6968 ||| FLEEEEING.
  6969 | D:10     | 6969 ||| FLEEEEING.
  6970 | D:10     | 6970 ||| FLEEEEING.
  6971 | D:10     | 6971 ||| FLEEEEING.
  6972 | D:10     | 6972 ||| FLEEEEING.
  6973 | D:10     | 6973 ||| FLEEEEING.
  6974 | D:10     | 6974 ||| FLEEEEING.
  6978 | D:10     | 6978 ||| FLEEEEING.
  6979 | D:10     | 6979 ||| FLEEEEING.
  6980 | D:10     | 6980 ||| FLEEEEING.
  6981 | D:10     | 6981 ||| FLEEEEING.
  6982 | D:10     | 6982 ||| FLEEEEING.
  6983 | D:10     | 6983 ||| FLEEEEING.
  6984 | D:10     | 6984 ||| FLEEEEING.
  6985 | D:10     | 6985 ||| FLEEEEING.
  6986 | D:10     | 6986 ||| FLEEEEING.
  6987 | D:10     | 6987 ||| FLEEEEING.
  6988 | D:10     | 6988 ||| FLEEEEING.
  6989 | D:10     | 6989 ||| FLEEEEING.
  6990 | D:10     | 6990 ||| FLEEEEING.
  6991 | D:10     | 6991 ||| FLEEEEING.
  6992 | D:10     | 6992 ||| FLEEEEING.
  6993 | D:10     | 6993 ||| FLEEEEING.
  6994 | D:10     | 6994 ||| FLEEEEING.
  6995 | D:10     | 6995 ||| FLEEEEING.
  6996 | D:10     | 6996 ||| FLEEEEING.
  6997 | D:10     | 6997 ||| FLEEEEING.
  6998 | D:10     | 6998 ||| FLEEEEING.
  6999 | D:10     | 6999 ||| FLEEEEING.
  7000 | D:10     | 7000 ||| FLEEEEING.
  7001 | D:10     | 7001 ||| FLEEEEING.
  7002 | D:10     | 7002 ||| FLEEEEING.
  7003 | D:10     | 7003 ||| FLEEEEING.
  7004 | D:10     | 7004 ||| FLEEEEING.
  7005 | D:10     | 7005 ||| FLEEEEING.
  7006 | D:10     | 7006 ||| FLEEEEING.
  7007 | D:10     | 7007 ||| FLEEEEING.
  7008 | D:10     | 7008 ||| FLEEEEING.
  7009 | D:10     | 7009 ||| FLEEEEING.
  7010 | D:10     | 7010 ||| FLEEEEING.
  7011 | D:10     | 7011 ||| FLEEEEING.
  7187 | D:10     | 7187 ||| INVOKING Heroism.
  7190 | D:10     | 7190 ||| Stepping ~*~*~tactically~*~*~ (cloud).
  7357 | D:10     | Found a staircase to the Orcish Mines.
  7557 | D:10     | Reached XP level 11. HP: 97/97 MP: 13/13
  7718 | D:11     | Noticed a red ugly thing
  7727 | D:11     | Killed a red ugly thing
  7735 | D:11     | 7735 ||| INVOKING Heroism.
  7848 | D:11     | Found a runed translucent gate.
  7850 | D:11     | Found a runed translucent gate.
  7850 | D:11     | Found a runed translucent gate.
  7850 | D:11     | Noticed a glowing orange brain
  7850 | D:11     | Noticed agentgt's ghost (novice CeCK)
  7894 | D:11     | 7894 ||| INVOKING Heroism.
  8074 | D:11     | Reached skill level 14 in Ranged Weapons
  8130 | D:11     | 8130 ||| DRINKING 2 potions of curing.
  8130 | D:11     | 8130 ||| (to cure confusion)
  8296 | D:11     | 8296 ||| DRINKING potion of curing.
  8296 | D:11     | 8296 ||| (to cure confusion)
  8309 | D:11     | 8309 ||| INVOKING Heroism.
  8448 | D:11     | 8448 ||| INVOKING Heroism.
  8638 | D:11     | Found a burning altar of Makhleb.
  8638 | D:11     | Noticed a vampire mage
  8648 | D:11     | 8648 ||| INVOKING Heroism.
  8659 | D:11     | Noticed a phantasmal warrior
  8663 | D:11     | Killed a vampire mage
  8908 | D:11     | Reached **** piety under Okawaru
  9009 | D:11     | 9009 ||| INVOKING Heroism.
  9087 | D:11     | 9087 ||| INVOKING Heroism.
  9105 | D:11     | Found a staircase to the Lair.
  9119 | D:11     | Reached skill level 9 in Dodging
  9202 | D:11     | Identified the +4 mace of Brutal Revenge {flame, Str+4
                  | Int-5 Stlth+}
  9377 | D:11     | Found a viscous altar of Jiyva.
  9378 | D:11     | 9378 ||| PLANNING LAIR
  9378 | D:11     | 9378 ||| DROPPING +0 robe of Maxa {rPois Str+3}.
  9379 | D:11     | 9379 ||| UPGRADING to +0 troll leather armour.
  9389 | D:11     | 9389 ||| DROPPING +2 acid dragon scales.
  9390 | D:11     | 9390 ||| UPGRADING to amulet of faith.
  9395 | D:11     | 9395 ||| READING scroll labelled FUASAA ZOAVEOSS.
  9396 | D:11     | 9396 ||| READING scroll labelled LEGIYCKANWO.
  9511 | Lair:1   | Entered Level 1 of the Lair of Beasts
  9585 | Lair:1   | Noticed a skyshark
  9595 | Lair:1   | Killed a skyshark
  9678 | Lair:1   | 9678 ||| INVOKING Heroism.
  9761 | Lair:1   | 9761 ||| INVOKING Heroism.
  9767 | Lair:1   | Reached skill level 6 in Invocations
  9830 | Lair:1   | 9830 ||| INVOKING Heroism.
 10286 | Lair:1   | 10286 ||| READING scroll labelled NOR XISHRUTA.
 10287 | Lair:1   | 10287 ||| READING 9 scrolls of identify.
 10287 | Lair:1   | 10287 ||| IDENTIFYING brown potion
 10288 | Lair:1   | 10288 ||| READING 8 scrolls of identify.
 10288 | Lair:1   | 10288 ||| IDENTIFYING fuming sapphire potion
 10289 | Lair:1   | 10289 ||| DROPPING potion of berserk rage.
 10317 | Lair:2   | 10317 ||| INVOKING Heroism.
 10366 | Lair:2   | 10366 ||| INVOKING Heroism.
 10405 | Lair:2   | 10405 ||| INVOKING Heroism.
 10418 | Lair:2   | Reached XP level 12. HP: 101/108 MP: 14/16
 10477 | Lair:2   | Reached ***** piety under Okawaru
 10596 | Lair:2   | 10596 ||| INVOKING Heroism.
 10707 | Lair:2   | 10707 ||| INVOKING Heroism.
 10855 | Lair:2   | Received a gift from Okawaru
 10904 | Lair:2   | 10904 ||| INVOKING Heroism.
 11026 | Lair:3   | 11026 ||| INVOKING Heroism.
 11071 | Lair:3   | Reached skill level 9 in Invocations
 11268 | Lair:3   | 11268 ||| INVOKING Heroism.
 11373 | Lair:3   | 11373 ||| INVOKING Heroism.
 11380 | Lair:3   | Reached skill level 12 in Fighting
 11511 | Lair:3   | Identified the +0 scale mail of Coyg {*Corrode Drain +Inv
                  | rElec}
 11558 | Lair:3   | 11558 ||| INVOKING Heroism.
 11710 | Lair:3   | Noticed a four-headed hydra
 11711 | Lair:3   | 11711 ||| INVOKING Heroism.
 11714 | Lair:3   | Killed a four-headed hydra
 11831 | Lair:3   | Found a hole to the Spider Nest.
 11956 | Lair:3   | Noticed a seven-headed hydra
 11957 | Lair:3   | 11957 ||| INVOKING Heroism.
 11963 | Lair:3   | Killed a seven-headed hydra
 11964 | Lair:3   | Reached skill level 12 in Dodging
 12018 | Lair:3   | 12018 ||| INVOKING Heroism.
 12035 | Lair:3   | Noticed a four-headed hydra
 12036 | Lair:3   | 12036 ||| Stepping ~*~*~tactically~*~*~ (water).
 12038 | Lair:3   | 12038 ||| Stepping ~*~*~tactically~*~*~ (water).
 12046 | Lair:3   | Killed a four-headed hydra
 12047 | Lair:3   | Reached XP level 13. HP: 118/118 MP: 19/19
 12062 | Lair:3   | 12062 ||| Stepping ~*~*~tactically~*~*~ (water).
 12071 | Lair:3   | 12071 ||| INVOKING Heroism.
 12076 | Lair:3   | Identified the +2 scale mail "Hofuguit" {Will+ Dex+4
                  | Stlth-} (Okawaru gifted it to you on level 3 of the Lair of
                  | Beasts)
 12076 | Lair:3   | Received a gift from Okawaru
 12089 | Lair:3   | Found a staircase to the Swamp.
 12181 | Lair:3   | 12181 ||| DRINKING 2 glowing red potions.
 12389 | Lair:4   | 12389 ||| INVOKING Heroism.
 12390 | Lair:4   | 12390 ||| INVOKING Finesse.
 13265 | Lair:4   | 13265 ||| READING 7 scrolls of identify.
 13265 | Lair:4   | 13265 ||| IDENTIFYING grey potion
 13266 | Lair:4   | 13266 ||| READING 6 scrolls of identify.
 13266 | Lair:4   | 13266 ||| IDENTIFYING murky sapphire potion
 13267 | Lair:4   | 13267 ||| DROPPING potion of attraction.
 13268 | Lair:4   | 13268 ||| DROPPING potion of ambrosia.
 13307 | Lair:5   | Entered Level 5 of the Lair of Beasts
 13308 | Lair:5   | 13308 ||| PLANNING GAUNTLET
 13338 | Lair:5   | 13338 ||| INVOKING Heroism.
 13390 | Lair:5   | 13390 ||| INVOKING Heroism.
 13447 | Lair:5   | 13447 ||| Stepping ~*~*~tactically~*~*~ (water).
 13450 | Lair:5   | 13450 ||| Stepping ~*~*~tactically~*~*~ (water).
 13457 | Lair:5   | 13457 ||| INVOKING Heroism.
 13479 | Lair:5   | 13479 ||| Stepping ~*~*~tactically~*~*~ (water).
 13487 | Lair:5   | 13487 ||| INVOKING Finesse.
 13502 | Lair:5   | Found the +6 lightning scales {swift, rElec}
 13512 | Lair:5   | 13512 ||| INVOKING Heroism.
 13539 | Lair:5   | 13539 ||| INVOKING Heroism.
 13566 | Lair:5   | Identified the ring "Yhoh" {rN+ SInv}
 13572 | Lair:5   | 13572 ||| UPGRADING to ring "Yhoh" {rN+ SInv}.
 13574 | Lair:5   | 13574 ||| Stepping ~*~*~tactically~*~*~ (water).
 13581 | Lair:5   | 13581 ||| INVOKING Finesse.
 13582 | Lair:5   | 13582 ||| READING 5 scrolls of identify.
 13582 | Lair:5   | 13582 ||| IDENTIFYING golden potion
 13583 | Lair:5   | 13583 ||| DROPPING potion of invisibility.
 13584 | Lair:5   | 13584 ||| Stepping ~*~*~tactically~*~*~ (water).
 13585 | Lair:5   | 13585 ||| Stepping ~*~*~tactically~*~*~ (cloud).
 13586 | Lair:5   | 13586 ||| INVOKING Heroism.
 13594 | Lair:5   | 13594 ||| Stepping ~*~*~tactically~*~*~ (water).
 13629 | Lair:5   | 13629 ||| INVOKING Heroism.
 13667 | Lair:5   | 13667 ||| INVOKING Heroism.
 13733 | Lair:5   | 13733 ||| INVOKING Heroism.
 13734 | Lair:5   | 13734 ||| Stepping ~*~*~tactically~*~*~ (water).
 13764 | Lair:5   | Reached skill level 15 in Fighting
 13773 | Lair:5   | 13773 ||| Stepping ~*~*~tactically~*~*~ (cloud).
 13779 | Lair:5   | 13779 ||| Stepping ~*~*~tactically~*~*~ (water).
 13783 | Lair:5   | 13783 ||| Stepping ~*~*~tactically~*~*~ (cloud).
 13789 | Lair:5   | 13789 ||| INVOKING Heroism.
 13790 | Lair:5   | 13790 ||| Stepping ~*~*~tactically~*~*~ (cloud).
 13862 | Lair:5   | 13862 ||| INVOKING Heroism.
 13905 | Lair:5   | 13905 ||| INVOKING Heroism.
 13930 | Lair:5   | Found a frozen archway.
 13959 | Lair:5   | 13959 ||| INVOKING Heroism.
 14031 | Lair:5   | Reached skill level 6 in Armour
 14066 | Lair:5   | 14066 ||| INVOKING Heroism.
 14105 | Lair:5   | 14105 ||| INVOKING Heroism.
 14161 | Lair:5   | 14161 ||| INVOKING Heroism.
 14163 | Lair:5   | Reached XP level 14. HP: 126/135 MP: 17/20
 14183 | Lair:5   | Received a gift from Okawaru
 14195 | Lair:5   | Found a staircase to the Slime Pits.
 14196 | Lair:5   | 14196 ||| RIP GAUNTLET
 14196 | Lair:5   | 14196 ||| PLANNING LAIR
 14210 | Lair:5   | Identified the +0 leather armour of Duasink {rN+ Slay+3}
 14389 | Lair:5   | 14389 ||| READING scroll of enchant weapon.
 14389 | Lair:5   | 14389 ||| ENCHANTING +2 shortbow of freezing.
 14462 | Lair:5   | 14462 ||| PLANNING D
 14462 | Lair:5   | 14462 ||| DROPPING +2 cloak.
 14463 | Lair:5   | 14463 ||| DROPPING +0 leather armour of Duasink {rN+
                  | Slay+3}.
 14464 | Lair:5   | 14464 ||| DROPPING ring of wizardry.
 14465 | Lair:5   | 14465 ||| DROPPING ring of protection from cold.
 14590 | D:12     | 14590 ||| INVOKING Heroism.
 14685 | D:12     | 14685 ||| INVOKING Heroism.
 14686 | D:12     | 14686 ||| INVOKING Finesse.
 14849 | D:12     | 14849 ||| INVOKING Heroism.
 14850 | D:12     | 14850 ||| READING 10 scrolls of teleportation.
 14895 | D:12     | Found a basalt altar of Yredelemnul.
 14935 | D:12     | 14935 ||| INVOKING Heroism.
 14937 | D:12     | 14937 ||| READING 9 scrolls of teleportation.
 15354 | D:12     | Noticed Kirke
 15355 | D:12     | 15355 ||| INVOKING Heroism.
 15356 | D:12     | 15356 ||| INVOKING Finesse.
 15371 | D:12     | Killed Kirke
 15372 | D:12     | Reached skill level 15 in Dodging
 15504 | D:12     | 15504 ||| INVOKING Heroism.
 15587 | D:13     | Found a portal to a secret trove of treasure.
 15718 | D:13     | 15718 ||| INVOKING Heroism.
 15753 | D:13     | 15753 ||| INVOKING Finesse.
 15755 | D:13     | 15755 ||| INVOKING Heroism.
 15827 | D:13     | 15827 ||| INVOKING Heroism.
 15988 | D:13     | Found a burning altar of Makhleb.
 16070 | D:13     | 16070 ||| SWAPPING to +0 orcbow.
 16080 | D:13     | 16080 ||| DROPPING +3 shortbow of freezing.
 16173 | D:13     | 16173 ||| INVOKING Heroism.
 16274 | D:13     | 16274 ||| UPGRADING to +1 pair of gloves.
 16279 | D:13     | 16279 ||| READING 4 scrolls of enchant armour.
 16279 | D:13     | 16279 ||| ENCHANTING +1 pair of gloves.
 16358 | D:14     | 16358 ||| INVOKING Heroism.
 16380 | D:14     | 16380 ||| INVOKING Finesse.
 16490 | D:14     | 16490 ||| FLEEEEING.
 16610 | D:14     | 16610 ||| INVOKING Heroism.
 16682 | D:14     | Found a gate to the Vaults.
 16689 | D:14     | Reached skill level 15 in Ranged Weapons
 16699 | D:14     | 16699 ||| INVOKING Heroism.
 16738 | D:14     | HP: 33/140 [skeletal warrior/+0 glaive (9)]
 16739 | D:14     | 16739 ||| READING 8 scrolls of teleportation.
 16740 | D:14     | 16740 ||| DRINKING 2 potions of heal wounds.
 16875 | D:14     | 16875 ||| INVOKING Heroism.
 16907 | D:14     | 16907 ||| READING scroll of enchant weapon.
 16907 | D:14     | 16907 ||| ENCHANTING +0 orcbow.
 17457 | D:14     | 17457 ||| UPGRADING to +0 pair of boots.
 17462 | D:14     | 17462 ||| READING 3 scrolls of enchant armour.
 17462 | D:14     | 17462 ||| ENCHANTING +0 pair of boots.
 17463 | D:14     | 17463 ||| READING 2 scrolls of enchant armour.
 17463 | D:14     | 17463 ||| ENCHANTING +1 pair of boots.
 17500 | D:15     | Entered Level 15 of the Dungeon
 17525 | D:15     | 17525 ||| STAIRDANCE
 17591 | D:15     | 17591 ||| FLEEEEING.
 17626 | D:15     | 17626 ||| INVOKING Heroism.
 17627 | D:15     | 17627 ||| INVOKING Finesse.
 17687 | D:15     | 17687 ||| Stepping ~*~*~tactically~*~*~ (outnumbered).
 17831 | D:15     | Noticed a stone giant
 17832 | D:15     | 17832 ||| INVOKING Heroism.
 17851 | D:15     | Killed a stone giant
 17852 | D:15     | Reached skill level 16 in Ranged Weapons
 17852 | D:15     | Reached XP level 15. HP: 142/147 MP: 21/21
 17860 | D:15     | Found a staircase to the Depths.
 17861 | D:15     | 17861 ||| SWAPPING to +0 longbow.
 17862 | D:15     | 17862 ||| DROPPING +1 orcbow.
 17997 | D:15     | 17997 ||| INVOKING Heroism.
 17998 | D:15     | 17998 ||| Stepping ~*~*~tactically~*~*~ (outnumbered).
 18010 | D:15     | 18010 ||| Stepping ~*~*~tactically~*~*~ (outnumbered).
 18012 | D:15     | 18012 ||| Stepping ~*~*~tactically~*~*~ (outnumbered).
 18015 | D:15     | 18015 ||| Stepping ~*~*~tactically~*~*~ (outnumbered).
 18051 | D:15     | Identified the +1 eveningstar of Coramm Xuamu {freeze, rN+
                  | Str+4}
 18061 | D:15     | 18061 ||| INVOKING Heroism.
 18093 | D:15     | 18093 ||| Stepping ~*~*~tactically~*~*~ (outnumbered).
 18095 | D:15     | 18095 ||| Stepping ~*~*~tactically~*~*~ (outnumbered).
 18105 | D:15     | Reached skill level 17 in Ranged Weapons
 18105 | D:15     | 18105 ||| Stepping ~*~*~tactically~*~*~ (outnumbered).
 18114 | D:15     | Identified the +4 triple sword "Wuetodoq" {pain, Fly rPois
                  | rC+ SInv} (Okawaru gifted it to you on level 15 of the
                  | Dungeon)
 18114 | D:15     | Received a gift from Okawaru
 18118 | D:15     | HP: 31/147 [seven-headed hydra (12)]
 18119 | D:15     | 18119 ||| READING 8 scrolls of teleportation.
 18120 | D:15     | 18120 ||| DRINKING 2 potions of heal wounds.
 18296 | D:15     | 18296 ||| INVOKING Heroism.
 18395 | D:15     | 18395 ||| INVOKING Heroism.
 18398 | D:15     | Noticed a fire giant
 18399 | D:15     | 18399 ||| INVOKING Finesse.
 18408 | D:15     | Killed a fire giant
 18442 | D:15     | 18442 ||| INVOKING Heroism.
 18451 | D:15     | Reached skill level 18 in Ranged Weapons
 18573 | D:15     | Received a gift from Okawaru
 18584 | D:15     | 18584 ||| PLANNING ORC
 18584 | D:15     | 18584 ||| DROPPING +1 leather armour of fire resistance.
 18585 | D:15     | 18585 ||| DROPPING +2 pair of boots.
 18586 | D:15     | 18586 ||| DROPPING +1 pair of gloves.
 18587 | D:15     | 18587 ||| UPGRADING to +1 robe of Vines {NoPotionHeal
                  | Regen++++}.
 18597 | D:15     | 18597 ||| DROPPING +0 troll leather armour.
 18754 | Orc:1    | Entered Level 1 of the Orcish Mines
 18774 | Orc:1    | 18774 ||| INVOKING Heroism.
 18890 | Orc:1    | 18890 ||| INVOKING Heroism.
 18891 | Orc:1    | 18891 ||| INVOKING Finesse.
 19070 | Orc:2    | Entered Level 2 of the Orcish Mines
 19147 | Orc:1    | Noticed Josephine
 19157 | Orc:1    | Killed Josephine
 19445 | Orc:2    | Found Zeciwol's Weapon Shop.
 19450 | Orc:2    | 19450 ||| Stepping ~*~*~tactically~*~*~ (outnumbered).
 19452 | Orc:2    | 19452 ||| Stepping ~*~*~tactically~*~*~ (outnumbered).
 19453 | Orc:2    | 19453 ||| Stepping ~*~*~tactically~*~*~ (outnumbered).
 19654 | Orc:2    | 19654 ||| INVOKING Heroism.
 19655 | Orc:2    | 19655 ||| INVOKING Finesse.
 19772 | Orc:2    | Found a staircase to the Elven Halls.
 19776 | Orc:2    | 19776 ||| INVOKING Heroism.
 19861 | Orc:2    | 19861 ||| Stepping ~*~*~tactically~*~*~ (outnumbered).
 19863 | Orc:2    | 19863 ||| Stepping ~*~*~tactically~*~*~ (outnumbered).
 19865 | Orc:2    | 19865 ||| Stepping ~*~*~tactically~*~*~ (outnumbered).
 19867 | Orc:2    | 19867 ||| Stepping ~*~*~tactically~*~*~ (outnumbered).
 19870 | Orc:2    | 19870 ||| INVOKING Heroism.
 19871 | Orc:2    | 19871 ||| Stepping ~*~*~tactically~*~*~ (outnumbered).
 19891 | Orc:2    | Found Kufeesmu's Book Boutique.
 19901 | Orc:2    | 19901 ||| Stepping ~*~*~tactically~*~*~ (outnumbered).
 19904 | Orc:2    | 19904 ||| Stepping ~*~*~tactically~*~*~ (outnumbered).
 19905 | Orc:2    | 19905 ||| Stepping ~*~*~tactically~*~*~ (outnumbered).
 19915 | Orc:2    | Reached skill level 19 in Ranged Weapons
 19919 | Orc:2    | 19919 ||| Stepping ~*~*~tactically~*~*~ (outnumbered).
 19922 | Orc:2    | 19922 ||| Stepping ~*~*~tactically~*~*~ (outnumbered).
 19924 | Orc:2    | 19924 ||| INVOKING Heroism.
 19959 | Orc:2    | 19959 ||| Stepping ~*~*~tactically~*~*~ (outnumbered).
 19960 | Orc:2    | 19960 ||| Stepping ~*~*~tactically~*~*~ (outnumbered).
 19987 | Orc:2    | Found Zuisor's Armour Emporium.
 19994 | Orc:2    | Found Suoqall's Antique Weapon Emporium.
 19996 | Orc:2    | Found Pubure Ling's Distillery.
 20005 | Orc:2    | 20005 ||| BUYING potion of curing (36 gold).
 20005 | Orc:2    | Bought a potion of curing for 36 gold pieces
 20005 | Orc:2    | 20005 ||| BUYING potion of curing (36 gold).
 20005 | Orc:2    | Bought a potion of curing for 36 gold pieces
 20005 | Orc:2    | 20005 ||| BUYING potion of haste (120 gold).
 20005 | Orc:2    | Bought a potion of haste for 120 gold pieces
 20005 | Orc:2    | 20005 ||| BUYING potion of might (48 gold).
 20005 | Orc:2    | Bought a potion of might for 48 gold pieces
 20019 | Orc:2    | 20019 ||| PLANNING SPIDER:1-3
 20261 | Spider:1 | Entered Level 1 of the Spider Nest
 20273 | Spider:1 | 20273 ||| STAIRDANCE
 20385 | Spider:1 | 20385 ||| INVOKING Heroism.
 20390 | Spider:1 | HP: 32/147 [jumping spider (14)]
 20391 | Spider:1 | 20391 ||| READING 8 scrolls of teleportation.
 20397 | Spider:1 | 20397 ||| READING 7 scrolls of teleportation.
 20472 | Spider:1 | 20472 ||| INVOKING Heroism.
 20482 | Spider:1 | HP: 31/147 [jumping spider (10)]
 20483 | Spider:1 | 20483 ||| READING 6 scrolls of teleportation.
 20501 | Spider:1 | Received a gift from Okawaru
 20502 | Spider:1 | Reached XP level 16. HP: 74/155 MP: 11/22
 20545 | Spider:1 | Reached skill level 20 in Ranged Weapons
 20565 | Spider:1 | Found a transporter.
 20799 | Spider:1 | Noticed qw's ghost (journeyman MiHs)
 20846 | Spider:1 | Found a transporter.
 20904 | Spider:1 | 20904 ||| DROPPING +0 pair of boots of stealth.
 20928 | Spider:2 | 20928 ||| INVOKING Heroism.
 20932 | Spider:2 | 20932 ||| INVOKING Finesse.
 21162 | Spider:2 | 21162 ||| INVOKING Heroism.
 21255 | Spider:2 | 21255 ||| INVOKING Heroism.
 21344 | Spider:2 | 21344 ||| INVOKING Heroism.
 21726 | Spider:2 | 21726 ||| READING scroll labelled VOMUPA EXUCU.
 21772 | Spider:3 | 21772 ||| FLEEEEING.
 21778 | Spider:3 | Noticed Arachne
 21779 | Spider:3 | 21779 ||| INVOKING Heroism.
 21780 | Spider:3 | 21780 ||| INVOKING Finesse.
 21785 | Spider:3 | Killed Arachne
 21915 | Spider:3 | Noticed Jorgrun
 21916 | Spider:3 | 21916 ||| INVOKING Heroism.
 21936 | Spider:3 | Killed Jorgrun
 21973 | Spider:3 | 21973 ||| DRINKING 2 potions of resistance.
 22258 | Spider:3 | 22258 ||| DRINKING 4 potions of curing.
 22258 | Spider:3 | 22258 ||| (to cure confusion)
 22309 | Spider:3 | Identified the +2 pair of boots "Fughit" {Rampage +Blink
                  | rElec Will++} (Okawaru gifted it to you on level 3 of the
                  | Spider Nest)
 22309 | Spider:3 | Received a gift from Okawaru
 22329 | Spider:3 | 22329 ||| DRINKING potion of resistance.
 22409 | Spider:3 | 22409 ||| PLANNING SWAMP:1-3
 22409 | Spider:3 | 22409 ||| UPGRADING to +2 pair of boots "Fughit" {Rampage
                  | +Blink rElec Will++}.
 22419 | Spider:3 | 22419 ||| DROPPING +2 pair of boots.
 22507 | Swamp:1  | Entered Level 1 of the Swamp
 22510 | Swamp:1  | 22510 ||| Stepping ~*~*~tactically~*~*~ (water).
 22512 | Swamp:1  | 22512 ||| Stepping ~*~*~tactically~*~*~ (water).
 22529 | Swamp:1  | Reached skill level 18 in Fighting
 22564 | Swamp:1  | 22564 ||| Stepping ~*~*~tactically~*~*~ (water).
 22566 | Swamp:1  | 22566 ||| Stepping ~*~*~tactically~*~*~ (outnumbered).
 22663 | Swamp:1  | 22663 ||| INVOKING Heroism.
 22664 | Swamp:1  | 22664 ||| Stepping ~*~*~tactically~*~*~ (cloud).
 22838 | Swamp:1  | 22838 ||| INVOKING Heroism.
 22887 | Swamp:1  | 22887 ||| Stepping ~*~*~tactically~*~*~ (water).
 22889 | Swamp:1  | 22889 ||| Stepping ~*~*~tactically~*~*~ (water).
 22891 | Swamp:1  | 22891 ||| Stepping ~*~*~tactically~*~*~ (water).
 22892 | Swamp:1  | 22892 ||| INVOKING Heroism.
 22910 | Swamp:1  | Reached skill level 18 in Dodging
 23127 | Swamp:1  | 23127 ||| READING scroll of enchant weapon.
 23127 | Swamp:1  | 23127 ||| ENCHANTING +0 longbow of flaming.
 23147 | Swamp:1  | 23147 ||| READING scroll of enchant weapon.
 23147 | Swamp:1  | 23147 ||| ENCHANTING +1 longbow of flaming.
 23399 | Swamp:2  | 23399 ||| INVOKING Heroism.
 23439 | Swamp:2  | 23439 ||| Stepping ~*~*~tactically~*~*~ (water).
 23441 | Swamp:2  | 23441 ||| Stepping ~*~*~tactically~*~*~ (water).
 23443 | Swamp:2  | 23443 ||| Stepping ~*~*~tactically~*~*~ (water).
 23445 | Swamp:2  | 23445 ||| Stepping ~*~*~tactically~*~*~ (water).
 23515 | Swamp:2  | 23515 ||| Stepping ~*~*~tactically~*~*~ (cloud).
 23516 | Swamp:2  | 23516 ||| Stepping ~*~*~tactically~*~*~ (water).
 23555 | Swamp:2  | 23555 ||| Stepping ~*~*~tactically~*~*~ (water).
 23557 | Swamp:2  | 23557 ||| Stepping ~*~*~tactically~*~*~ (water).
 23559 | Swamp:2  | 23559 ||| Stepping ~*~*~tactically~*~*~ (water).
 23646 | Swamp:2  | 23646 ||| Stepping ~*~*~tactically~*~*~ (water).
 23960 | Swamp:3  | Reached XP level 17. HP: 166/166 MP: 23/23
 24000 | Swamp:3  | 24000 ||| INVOKING Heroism.
 24001 | Swamp:3  | 24001 ||| Stepping ~*~*~tactically~*~*~ (water).
 24033 | Swamp:3  | 24033 ||| INVOKING Heroism.
 24052 | Swamp:3  | 24052 ||| Stepping ~*~*~tactically~*~*~ (water).
 24054 | Swamp:3  | 24054 ||| Stepping ~*~*~tactically~*~*~ (water).
 24330 | Swamp:3  | 24330 ||| INVOKING Heroism.
 24416 | Swamp:3  | 24416 ||| READING scroll of acquirement.
 24416 | Swamp:3  | 24416 ||| ACQUIRING ring of Pyromania {rC++ MP+9 SInv}
 24416 | Swamp:3  | Acquired the ring of Pyromania {rC++ MP+9 SInv}
 24418 | Swamp:3  | 24418 ||| UPGRADING to ring of Pyromania {rC++ MP+9 SInv}.
 24491 | Swamp:3  | 24491 ||| Stepping ~*~*~tactically~*~*~ (water).
 24667 | Swamp:3  | 24667 ||| PLANNING SPIDER:4
 24896 | Spider:4 | Entered Level 4 of the Spider Nest
 24897 | Spider:4 | 24897 ||| INVOKING Heroism.
 24900 | Spider:4 | 24900 ||| Stepping ~*~*~tactically~*~*~ (outnumbered).
 24915 | Spider:4 | 24915 ||| Stepping ~*~*~tactically~*~*~ (outnumbered).
 24917 | Spider:4 | 24917 ||| Stepping ~*~*~tactically~*~*~ (outnumbered).
 24918 | Spider:4 | 24918 ||| INVOKING Finesse.
 24926 | Spider:4 | 24926 ||| Stepping ~*~*~tactically~*~*~ (outnumbered).
 24937 | Spider:4 | 24937 ||| Stepping ~*~*~tactically~*~*~ (outnumbered).
 24939 | Spider:4 | 24939 ||| Stepping ~*~*~tactically~*~*~ (outnumbered).
 24950 | Spider:4 | Paralysed by a jorogumo for 3 turns
 24957 | Spider:4 | HP: 33/164 [sun moth (22)]
 24958 | Spider:4 | 24958 ||| READING 11 scrolls of teleportation.
 24959 | Spider:4 | 24959 ||| Stepping ~*~*~tactically~*~*~ (outnumbered).
 24960 | Spider:4 | HP: 15/164 [poisoned by a redback]
 24962 | Spider:4 | Noticed Aizul
 24963 | Spider:4 | 24963 ||| READING 10 scrolls of teleportation.
 24965 | Spider:4 | HP: 8/164 [poisoned by a redback]
 24967 | Spider:4 | Mangled by Aizul

Levels and vault maps discovered:
D:1:      lightli_arrival_isolated_outpost, layout_basic,
          shapermc_ecumenical_altar_mp_urbaneastern, serial_shops,
          nicolae_diamond_shop, minmay_pentomino_r4
D:2:      layout_loops_ring, minmay_misc_feat_rugged
D:3:      layout_basic, uniq_grinder
D:4:      layout_loops_cross, chequers_temple_overflow_statue_of_worship,
          temple_green
D:5:      minmay_skewed_foursquare, layout_rooms, corner_web_ring
D:6:      layout_basic
D:7:      minmay_chambers_of_fours, layout_gridville, kennysheep_flooded_box,
          uniq_joseph, uniq_pikel
D:8:      layout_cave_pools
D:9:      layout_cross, kennysheep_ying_yang, serial_shops, shop_fountains,
          minmay_starry_boxes
D:10:     layout_long_grid, erik_orc_1, enter_bailey_3
D:11:     layout_basic, david_lair_generic, gammafunk_ghost_ooze,
          nicolae_nh_vlads_tower
D:12:     layout_irregular_city, lemuel_zombie_altar_yredelemnul, uniq_kirke
D:13:     layout_cave_pools, nicolae_trove_entry_path_of_doom, bloody_makhleb
D:14:     layout_loops_corners, erik_vaults_1, nicolae_sextant
D:15:     grunt_enter_depths_snipers, layout_rooms, nicolae_rejected_hall
Lair:1:   hellmonk_ruined_rings, layout_regular_city, minivault_23
Lair:2:   layout_roguey, st_stairs_5, grunt_megastairs_1
Lair:3:   layout_regular_city, palyth_hydra_swamp_entry,
          spider_nest_entry_funnel_web, lemuel_fruit_tree
Lair:4:   layout_layer_cave
Lair:5:   gammafunk_lair_ancient_temple, layout_loops_ring,
          nicolae_slime_entry_slimehenge, portal_ice_cave_entry_pillars_2,
          gauntlet_entry_generic
Swamp:1:  layout_basic_swamp, evilmike_swamp_ruin_house_1,
          nicolae_swamp_vermiculated, infiniplex_staircase_pool_2
Swamp:2:  layout_basic_swamp, nicolae_swamp_trees_clearing, swamp_pool2
Swamp:3:  layout_basic_swamp, evilmike_swamp_ruin_rubble_1, swamp_pool1
Spider:1: layout_spider_delve, gammafunk_ghost_mausoleum
Spider:2: layout_spider_delve, hellmonk_watch_for_rolling_rocks
Spider:3: layout_spider_delve, uniq_jorgrun, uniq_arachne
Spider:4: guppyfry_spider_rune, uniq_roxanne, uniq_aizul, uniq_louise
Orc:1:    layout_caves, basic_altar, uniq_josephine
Orc:2:    st_orc_elflike, layout_caves, serial_shops, shop, basic_altar

Skill      XL: |  1  2  3  4  5  6  7  8  9 10 11 12 13 14 15 16 17 |
---------------+----------------------------------------------------+-----
Ranged Weapons | 3 4 5 7 8 10 12 13 14 16 19 20 | 20.0
Fighting       | 2 3 4 5 6 7 9 10 12 15 17 18 19 | 19.0
Armour         | 1 2 3 4 6 7 |  7.0
Dodging        | 3 4 6 8 10 12 14 15 18 | 18.6
Invocations    | 1 4 7 10 | 10.0
Spellcasting   | |  1.0
Hexes          | |  2.0

Action                     |  1- 3 |  4- 6 |  7- 9 | 10-12 | 13-15 | 16-18 || total
---------------------------+-------+-------+-------+-------+-------+-------++-------
  Melee: Longbow           |       |       |       |       |       |     1 ||     1
   Fire: Sling             |    88 |    94 |   101 |       |       |       ||   283
         Shortbow          |       |       |   118 |   856 |   771 |       ||  1745
         Orcbow            |       |       |       |       |   276 |       ||   276
         Longbow           |       |       |       |       |   533 |   656 ||  1189
 Invoke: Heroism           |       |       |    11 |    31 |    47 |    14 ||   103
         Finesse           |       |       |       |       |    11 |     3 ||    14
    Use: Scroll            |     5 |     7 |     5 |    10 |    15 |     6 ||    48
         Potion            |     1 |     1 |     2 |     4 |     3 |     3 ||    14
 Armour: Robe              |     7 |       |       |       |    32 |    42 ||    81
         Leather armour    |       |     9 |       |       |       |       ||     9
         Ring mail         |       |     3 |    46 |    35 |       |       ||    84
         Acid dragon scale |       |       |       |    50 |       |       ||    50
         Troll leather arm |       |       |       |    19 |   107 |       ||   126
  Dodge: Dodged            |    31 |    18 |    85 |   369 |   914 |   350 ||  1767

Table legend:
 A = Non-vault XP
 B = Vault XP
 C = Vault XP percentage of total XP
 D = Non-vault monster count
 E = Vault monster count
 F = Vault count percentage of total count
                 A         B        C        D         E       F
            +---------+---------+-------+---------+---------+-------
      Total |  164677 |   67652 |  29.1 |     666 |     185 |  21.7
            +---------+---------+-------+---------+---------+-------
        D:1 |      41 |       6 |  12.8 |      17 |       3 |  15.0
        D:2 |     159 |       0 |   0.0 |      22 |       0 |   0.0
        D:3 |      31 |     281 |  90.1 |      16 |       1 |   5.9
        D:4 |     196 |       0 |   0.0 |      14 |       0 |   0.0
        D:5 |     434 |     415 |  48.9 |      19 |       4 |  17.4
        D:6 |     978 |       0 |   0.0 |      13 |       0 |   0.0
        D:7 |     963 |    2015 |  67.7 |      20 |       8 |  28.6
        D:8 |    1234 |       0 |   0.0 |      31 |       0 |   0.0
        D:9 |    1287 |     677 |  34.5 |      32 |       5 |  13.5
       D:10 |    1928 |     614 |  24.2 |      16 |      21 |  56.8
       D:11 |    2015 |    3104 |  60.6 |      12 |      12 |  50.0
       D:12 |    8470 |    2890 |  25.4 |      31 |       6 |  16.2
       D:13 |    7921 |     692 |   8.0 |      23 |       2 |   8.0
       D:14 |    8658 |    1654 |  16.0 |      18 |       2 |  10.0
       D:15 |    9458 |   20800 |  68.7 |      16 |      30 |  65.2
     Lair:1 |    3657 |       0 |   0.0 |      10 |       0 |   0.0
     Lair:2 |    6680 |     953 |  12.5 |      27 |       3 |  10.0
     Lair:3 |    8778 |    3486 |  28.4 |      29 |      10 |  25.6
     Lair:4 |    2708 |       0 |   0.0 |      10 |       0 |   0.0
     Lair:5 |   15695 |    8200 |  34.3 |      42 |      27 |  39.1
    Swamp:1 |   11422 |    4482 |  28.2 |      20 |      14 |  41.2
    Swamp:2 |    8979 |       0 |   0.0 |      21 |       0 |   0.0
    Swamp:3 |   11067 |       0 |   0.0 |      24 |       0 |   0.0
   Spider:1 |   12503 |       0 |   0.0 |      31 |       0 |   0.0
   Spider:2 |   13762 |    2717 |  16.5 |      37 |       4 |   9.8
   Spider:3 |   11114 |    4828 |  30.3 |      31 |       3 |   8.8
   Spider:4 |    7692 |       0 |   0.0 |      18 |       0 |   0.0
      Orc:1 |    4794 |    1756 |  26.8 |      53 |       5 |   8.6
      Orc:2 |    2053 |    8082 |  79.7 |      13 |      25 |  65.8
            +---------+---------+-------+---------+---------+-------
